 Dungeon Crawl Stone Soup version 0.29-a0-355-g7276a9ff7f (webtiles) character file.

Game seed: 7506916647922974371

344 Dauddaud the Cleaver (level 6, -2/51 HPs)
             Began as a Minotaur Berserker on Apr 25, 2022.
             Was a Believer of Trog.
             Slain by Duvessa
             ... wielding a +0 short sword
              (8 damage)
             ... on level 4 of the Dungeon.
             The game lasted 00:04:18 (2985 turns).

Dauddaud the Cleaver (Minotaur Berserker)           Turns: 2985, Time: 00:04:18

Health: -2/51      AC:  6    Str: 24    XL:     6   Next: 31%
Magic:  5/5        EV: 10    Int:  4    God:    Trog [**....]
Gold:   80         SH:  0    Dex:  9    Spells: 5/5 levels left

rFire   . . .      SeeInvis .   a - +0 hand axe
rCold   . . .      Faith    +   (no shield)
rNeg    . . .      Spirit   .   h - +0 scale mail
rPois   .          Reflect  .   (helmet restricted)
rElec   .          Harm     .   (no cloak)
rCorr   .          Rampage  .   (no gloves)
Will    .....                   (no boots)
Stlth   ..........              m - amulet of faith
HPRegen 0.17/turn               (no ring)
MPRegen 0.09/turn               (no ring)

@: confused, on berserk cooldown, slowed, very slow
A: horns 2, retaliatory headbutt
a: Renounce Religion, Berserk, Trog's Hand


You were on level 4 of the Dungeon.
You worshipped Trog.
Trog was pleased with you.
You visited 1 branch of the dungeon, and saw 4 of its levels.

You collected 108 gold pieces.
You spent 28 gold pieces at shops.

Inventory:

Hand Weapons
 a - a +0 hand axe (weapon)
Missiles
 e - a throwing net (quivered)
Armour
 b - a +0 animal skin
 h - a +0 scale mail (worn)
Jewellery
 j - an amulet of regeneration
 m - an amulet of faith (around neck)
Scrolls
 f - a scroll of noise
 g - a scroll of identify
 i - 2 scrolls of fear
 l - a scroll of vulnerability
 n - a scroll of magic mapping {unknown}
 o - a scroll of summoning {unknown}
 r - a scroll of enchant weapon {unknown}
Potions
 c - a potion of might {unknown}
 d - a potion of heal wounds {unknown}
 k - a potion of degeneration {unknown}
 p - a potion of ambrosia {unknown}
 q - 2 potions of lignification {unknown}


   Skills:
 - Level 3.6 Fighting
 * Level 8.6 Axes
 - Level 2.4 Armour
 - Level 2.1 Dodging


You had 5 spell levels left.
You didn't know any spells.
Your spell library was empty.

Dungeon Overview and Level Annotations

Branches:
Dungeon (4/15)
 Temple: D:4-7

Altars:

Shops:
D:2 ?

Annotations:
D:4 Duvessa


Innate Abilities, Weirdness & Mutations

You have a pair of horns on your head.
You reflexively headbutt those who attack you in melee.


Message History

You are too injured to fight recklessly!
You are too injured to fight recklessly!
You are too injured to fight recklessly!
You are too injured to fight recklessly!
You are too injured to fight recklessly!
You are too injured to fight recklessly!
You are too injured to fight recklessly!
You are too injured to fight recklessly!
You are too injured to fight recklessly!
You are too injured to fight recklessly!
You are too injured to fight recklessly!
A red film seems to cover your vision as you go berserk!
You feel yourself moving faster!
You feel mighty! Duvessa hits you with a +0 short sword!
* * * LOW HITPOINT WARNING * * *
Duvessa misses you.
You closely miss Duvessa. Your headbutt misses Duvessa.
Duvessa is moderately wounded.
Duvessa closely misses you.
You slash Duvessa! You headbutt Duvessa!
Duvessa is heavily wounded.
You hit Duvessa. Your headbutt misses Duvessa.
Duvessa is heavily wounded.
Duvessa closely misses you.
The orc wizard points at you and mumbles some strange words.
You are confused.
You bump into the rock wall.
Duvessa closely misses you.
You bump into the rock wall.
You feel a strong urge to attack something.
The orc wizard points at you and mumbles some strange words.
The puff of flame misses you. Duvessa hits you with a +0 short sword!
* * * LOW HITPOINT WARNING * * *
Duvessa attacks as you move away! Duvessa closely misses you.
You slash Duvessa!
Duvessa is severely wounded.
You are no longer berserk.
You are exhausted.
You feel yourself slow down. Duvessa closely misses you.
You bump into the rock wall.
Duvessa hits you with a +0 short sword!
You die...

.######......#.######
)### #...)###.......#
...# #.#..###.......#
.#.###.#............#
........†..##........
###...........####.#.
##++#####...### .# #
#.....##o#..#
#....#.@e...#
##...$)####..#
+..#.#.. .# +....##..
##...# #.# #.#.# ..
..#. ### #.


You could see Duvessa (berserk) and an orc wizard.

Vanquished Creatures
  Sigmund (D:3)
  Dowan (D:4)
  Terence (D:3)
  4 adders
  A worm (D:2)
  A dart slug (D:2)
  5 orcs
  7 ball pythons
  5 endoplasms
  2 giant cockroaches
  11 goblins
  5 hobgoblins
  3 jackals (D:1)
  10 bats
  5 frilled lizards
  6 kobolds
  3 rats
71 creatures vanquished.

Notes
Turn   | Place    | Note
-------+----------+-------------------------------------------
     0 | D:1      | Dauddaud the Minotaur Berserker began the quest for the
                  | Orb.
     0 | D:1      | Reached XP level 1. HP: 19/19 MP: 0/0
   194 | D:1      | Reached skill level 4 in Axes
   393 | D:1      | Reached XP level 2. HP: 21/26 MP: 1/1
   705 | D:1      | Reached skill level 5 in Axes
   727 | D:1      | Found a faded altar of an unknown god.
   814 | D:1      | Reached ** piety under Trog
  1083 | D:2      | Reached XP level 3. HP: 29/31 MP: 2/2
  1165 | D:2      | Found Noaplofe's Magic Scroll Emporium.
  1182 | D:2      | Bought a scroll of identify for 28 gold pieces
  1550 | D:2      | Reached skill level 6 in Axes
  1550 | D:2      | Reached XP level 4. HP: 28/39 MP: 3/3
  2244 | D:3      | Noticed Sigmund
  2250 | D:3      | Killed Sigmund
  2251 | D:3      | Reached skill level 8 in Axes
  2251 | D:3      | Reached XP level 5. HP: 43/45 MP: 4/4
  2446 | D:3      | Noticed Terence
  2452 | D:3      | Killed Terence
  2453 | D:3      | Reached XP level 6. HP: 50/51 MP: 5/5
  2952 | D:4      | Noticed Dowan
  2963 | D:4      | Killed Dowan
  2972 | D:4      | Noticed Duvessa
  2985 | D:4      | Slain by Duvessa

Illustrated notes

Levels and vault maps discovered:
D:1:      lightli_arrival_chessboard, layout_rooms, basic_ecumenical_altar
D:2:      layout_loops_corners, serial_shops, nicolae_diamond_shop,
          eino_tiny_chamber, minmay_circled_x
D:3:      layout_basic, uniq_terence, uniq_sigmund
D:4:      layout_rooms, minmay_misc_feat_hallway, grunt_decor_mini_mirrors,
          kennysheep_generic_room_6, uniq_duvessa, uniq_robin

Skill      XL: |  1  2  3  4 |
---------------+-------------+-----
Axes           | 4 5 6 8 |  8.6
Fighting       | |  3.6
Armour         | |  2.4
Dodging        | |  2.1

Action                   |  1- 3 |  4- 6 || total
-------------------------+-------+-------++-------
Melee: Hand axe          |    83 |    70 ||   153
       Headbutt          |    15 |    12 ||    27
Invok: Berserk           |       |     1 ||     1
  Use: Scroll            |       |     4 ||     4
Armor: Animal skin       |    11 |       ||    11
       Scale mail        |    25 |    24 ||    49
Dodge: Dodged            |    59 |    38 ||    97

Table legend: (Time is in decaauts)
 A = Elapsed time spent in this place.
 B = Non-inter-level travel time spent in this place.
 C = Inter-level travel time spent in this place.
 D = Time resting spent in this place.
 E = Time spent auto-exploring this place.
 F = Levels seen in this place.
 G = Mean time per level.
                   A        B        C        D        E       F      G
               +--------+--------+--------+--------+--------+-----+--------+
         Total |   2980 |   2929 |     51 |    161 |   2372 |   4 |  745.0 |
       Dungeon |   2980 |   2929 |     51 |    161 |   2372 |   4 |  745.0 |
               +--------+--------+--------+--------+--------+-----+--------+

Top non-repeatable levels by time:
     D:2: 1079 daAuts
     D:1: 1074 daAuts
     D:3: 732 daAuts
     D:4: 94 daAuts
